 Dungeon Crawl Stone Soup version 0.29-a0-416-g83a48905f1 (webtiles) character file.

Game seed: 3317358542424395772

5 jlumianski the Skirmisher (level 1, 0/18 HPs)
             Began as a Demonspawn Fighter on May 16, 2022.
             Frozen to death by an endoplasm (3 damage)
             ... on level 2 of the Dungeon.
             The game lasted 00:00:38 (181 turns).

jlumianski the Skirmisher (Demonspawn Fighter)       Turns: 181, Time: 00:00:39

Health: 0/18       AC:  6    Str: 16    XL:     1   Next: 66%
Magic:  1/1        EV:  8    Int:  9    God:
Gold:   6          SH:  4    Dex: 12    Spells: 0/0 levels left

rFire   . . .      SeeInvis .   a - +0 war axe
rCold   . . .      Faith    .   c - +0 buckler
rNeg    . . .      Spirit   .   b - +0 scale mail
rPois   +          Reflect  .   (no helmet)
rElec   .          Harm     .   (no cloak)
rCorr   .          Rampage  .   (no gloves)
Will    .....                   (no boots)
Stlth   ..........              (no amulet)
HPRegen 0.06/turn               e - ring of poison resistance
MPRegen 0.07/turn               (no ring)

@: no status effects
A: no striking features
a: no special abilities


You were on level 2 of the Dungeon.
You visited 1 branch of the dungeon, and saw 2 of its levels.

You collected 6 gold pieces.

Inventory:

Hand Weapons
 a - a +0 war axe (weapon)
Missiles
 f - 43 stones (quivered)
Armour
 b - a +0 scale mail (worn)
 c - a +0 buckler (worn)
Jewellery
 e - a ring of poison resistance (left hand)
Scrolls
 g - 2 scrolls of poison {unknown}
 h - 2 scrolls of identify {unknown}
Potions
 d - a potion of might


   Skills:
 + Level 3.1 Fighting
 + Level 1.9 Axes
 + Level 2.7 Armour
 + Level 2.7 Shields


You couldn't memorise any spells.
You didn't know any spells.
Your spell library contained the following spells:

 Spells                   Type           Power      Damage    Failure   Level
 Apportation              Tloc           0%         N/A       88%         1
 Alistair's Intoxication  Tmut/Pois      0%         N/A       100%        5


Dungeon Overview and Level Annotations

Branches:
Dungeon (2/15)

Altars:


Message History

The bat hits you.
You hit the bat.
You kill the bat!
You see here a bat corpse.
You see here 29 stones.
f - 29 stones
There is a stone staircase leading down here.
g - a scroll labelled WIROEW ZILI
h - 2 scrolls labelled CEMENG MYKHUWK
g - 2 scrolls labelled WIROEW ZILI (gained 1)
f - 43 stones (gained 14)
An endoplasm comes into view.
Found 5 boomerangs and 19 gold pieces.
The endoplasm moves out of view.
A hobgoblin comes into view.
The hobgoblin shouts!
You hear a shout!
A kobold comes into view. It is wielding a +0 club.
Found a stone staircase leading down.
The endoplasm freezes you.
You are frozen.
You hit the endoplasm.
The endoplasm is heavily wounded.
You block the endoplasm's attack.
The hobgoblin hits you but does no damage.
The endoplasm freezes you.
You are frozen.
You barely miss the endoplasm.
The endoplasm is heavily wounded.
You hit the hobgoblin but do no damage. The endoplasm freezes you.
You are frozen.
The hobgoblin hits you.
You barely miss the endoplasm.
The endoplasm is heavily wounded.
You barely miss the hobgoblin. The hobgoblin barely misses you.
The endoplasm freezes you.
You are frozen.
* * * LOW HITPOINT WARNING * * *
You block the hobgoblin's attack. The endoplasm freezes you.
You are frozen.
You die...

#######...
#.@JK..$.>
#.#g......
##.#####...
#..........
#.....##.#
#. ###.....#
#.#
#.......#
#.#
#.......# #
#.#
#.......#
.######.####


You could see an endoplasm, a hobgoblin and a kobold.

Vanquished Creatures
  A dart slug (D:1)
  A bat (D:2)
  A ball python (D:1)
  A rat (D:2)
4 creatures vanquished.

Notes
Turn   | Place    | Note
-------+----------+-------------------------------------------
     0 | D:1      | jlumianski the Demonspawn Fighter began the quest for the
                  | Orb.
     0 | D:1      | Reached XP level 1. HP: 18/18 MP: 1/1
   181 | D:2      | Frozen to death by an endoplasm

Illustrated notes

Levels and vault maps discovered:
D:1:      dpeg_arrival_stonehenge_8_columns, layout_rooms,
          hellmonk_ecumenical_altar_run_dry, chequers_serial_rivers_micro_a,
          minmay_misc_feat_square
D:2:      layout_basic, uniq_sigmund

Action                   || total
-------------------------++-------
Melee: War axe           ||    13
Armor: Scale mail        ||     7
Dodge: Dodged            ||     6
Block: Buckler           ||     3

Table legend: (Time is in decaauts)
 A = Elapsed time spent in this place.
 B = Non-inter-level travel time spent in this place.
 C = Inter-level travel time spent in this place.
 D = Time resting spent in this place.
 E = Time spent auto-exploring this place.
 F = Levels seen in this place.
 G = Mean time per level.
                   A        B        C        D        E       F      G
               +--------+--------+--------+--------+--------+-----+--------+
         Total |    185 |    185 |      0 |      0 |    111 |   2 |   92.5 |
       Dungeon |    185 |    185 |      0 |      0 |    111 |   2 |   92.5 |
               +--------+--------+--------+--------+--------+-----+--------+

Top non-repeatable levels by time:
     D:1: 119 daAuts
     D:2: 66 daAuts
